 Dungeon Crawl Stone Soup version 0.30.1 (webtiles) character file.

Game seed: 10162696345149826529

170 Peloso the Covered (level 5, -3/46 HPs)
             Began as a Minotaur Fighter on July 6, 2023.
             Slain by Edmund
             ... wielding a +1 dire flail of protection
              (6 damage)
             ... on level 4 of the Dungeon.
             The game lasted 00:03:58 (2604 turns).

Peloso the Covered (Minotaur Fighter)               Turns: 2604, Time: 00:03:59

Health: -3/46      AC:  8    Str: 20    XL:     5   Next: 25%
Magic:  4/4        EV:  9    Int:  5    God:
Gold:   213        SH: 10    Dex: 12    Spells: 4/4 levels left

rFire   . . .        a - +0 long sword
rCold   . . .        d - +0 buckler
rNeg    . . .        b - +0 scale mail
rPois   +            (helmet restricted)
rElec   .            c - +0 cloak
rCorr   .            (no gloves)
SInv    .            (no boots)
Will    .....        i - amulet of reflection Stlth
                     f - +4 ring of slaying
HPRegen 0.27/turn    m - ring of poison resistance
MPRegen 0.09/turn

%: reflection
@: no status effects
A: horns 2, retaliatory headbutt
a: no special abilities


You were on level 4 of the Dungeon.
You visited 1 branch of the dungeon, and saw 4 of its levels.

You collected 213 gold pieces.

Inventory:

Hand Weapons
 a - a +0 long sword (weapon)
Armour
 b - a +0 scale mail (worn)
 c - a +0 cloak (worn)
 d - a +0 buckler (worn)
Jewellery
 f - a +4 ring of slaying (left hand)
 g - a ring of protection from cold
 i - an amulet of reflection (around neck)
 m - a ring of poison resistance (right hand)
Scrolls
 e - a scroll of fear {unknown}
 h - a scroll of immolation {unknown}
 j - a scroll of identify
 o - a scroll of magic mapping {unknown}
 p - 2 scrolls of enchant weapon {unknown}
 q - a scroll of acquirement {unknown}
 r - a scroll of teleportation {unknown}
Potions
 k - 2 potions of curing
 l - 2 potions of might
 n - 2 potions of magic
 s - 2 potions of brilliance {unknown}
 t - a potion of heal wounds {unknown}


   Skills:
 + Level 4.2 Fighting
 + Level 4.6 Long Blades
 + Level 4.9 Armour
 + Level 0.9 Dodging
 + Level 0.1 Stealth
 + Level 4.2 Shields


You had 4 spell levels left.
You didn't know any spells.
Your spell library was empty.

Dungeon Overview and Level Annotations

Branches:
Dungeon (4/15)
 Temple: D:4-7

Altars:

Shops:
D:2 !   D:4 :

Annotations:
D:4 Edmund


Innate Abilities, Weirdness & Mutations

You have a pair of horns on your head.
You reflexively headbutt those who attack you in melee.


Message History

The iguana is lightly wounded.
The iguana bites you but does no damage. x2
You hit the iguana but do no damage.
The iguana is lightly wounded.
The iguana bites you.
You barely miss the iguana. You headbutt the iguana!
The iguana is severely wounded.
The iguana barely misses you.
You barely miss the iguana. You headbutt the iguana.
The iguana is almost dead.
You hear the slow hiss of a distant avalanche of sand.
The iguana bites you.
You barely miss the iguana.
The iguana is almost dead.
The iguana bites you! The iguana bites you.
You slash the iguana!
You kill the iguana!
Edmund the Younger comes into view.
He is wielding a +1 dire flail of protection.
You barely miss Edmund. You headbutt Edmund.
Edmund is lightly wounded.
You block Edmund's attack.
You hit Edmund.
Edmund is lightly wounded.
Edmund hits you with a +1 dire flail of protection!
You slash Edmund! You headbutt Edmund, but do no damage.
Edmund is moderately wounded.
Edmund closely misses you.
You closely miss Edmund.
Edmund is moderately wounded.
Edmund hits you with a +1 dire flail of protection!
* * * LOW HITPOINT WARNING * * *
Edmund hits you with a +1 dire flail of protection!
* * * LOW HITPOINT WARNING * * *
You barely miss Edmund.
Edmund is moderately wounded.
You block Edmund's attack.
You hit Edmund but do no damage.
Edmund is moderately wounded.
Edmund hits you with a +1 dire flail of protection.
You die...

≈..≈≈# ...≈.##
..≈.... ...≈.#
≈..≈≈ ### ...
##.#######@####
##........@....#
#.....#####.##.#
#.####...## ...
#.......## .###
#######.# .# #.#
.# ##'## .#
##...## .#
##.....##


You could see Edmund.

Vanquished Creatures
  Terence (D:2)
  An iguana (D:4)
  Robin (D:2)
  3 adders
  A worm (D:2)
  2 dart slugs (D:1)
  4 bats
  4 endoplasms
  7 giant cockroaches
  15 goblins
  4 hobgoblins
  6 jackals (D:1)
  4 kobolds
  2 quokkas (D:3)
  2 ball pythons
  2 frilled lizards
  11 rats
70 creatures vanquished.

Notes
Turn   | Place    | Note
-------+----------+-------------------------------------------
     0 | D:1      | Peloso the Minotaur Fighter began the quest for the Orb.
     0 | D:1      | Reached XP level 1. HP: 19/19 MP: 0/0
   152 | D:1      | Reached XP level 2. HP: 22/27 MP: 1/1
   378 | D:1      | Reached XP level 3. HP: 33/33 MP: 2/2
  1035 | D:2      | Noticed Robin
  1042 | D:2      | Killed Robin
  1161 | D:2      | Reached XP level 4. HP: 39/40 MP: 3/3
  1469 | D:2      | Found Fareov's Distillery.
  1562 | D:2      | Noticed Terence
  1574 | D:2      | Killed Terence
  2145 | D:3      | Reached XP level 5. HP: 46/46 MP: 4/4
  2539 | D:4      | Found Faennatz's Book Emporium.
  2598 | D:4      | Noticed Edmund
  2602 | D:4      | HP: 2/46 [Edmund/+1 dire flail of protection (9)]
  2604 | D:4      | Slain by Edmund

Illustrated notes

Levels and vault maps discovered:
D:1:      dpeg_arrival_tiny_j, layout_basic, minmay_split_cup_large
D:2:      layout_loops_corners, serial_shops, shop, uniq_robin, uniq_terence
D:3:      layout_loops_ring
D:4:      layout_loops_corners, vehumet_crystals, nicolae_uskayaw_suspiria,
          serial_shops, nicolae_lakefront_shop, nicolae_ossuary_entry_ruins,
          uniq_edmund

Skill      XL: |  1  2  3  4 |
---------------+-------------+-----
Shields        | 4 |  4.2
Armour         | 4 |  4.9
Long Blades    | 3 4 |  4.6
Fighting       | 4 |  4.2
Dodging        | |  0.9
Stealth        | |  0.1

Action                     |  1- 3 |  4- 6 || total
---------------------------+-------+-------++-------
  Melee: Long sword        |    67 |    62 ||   129
         Headbutt          |     9 |     9 ||    18
    Use: Potion            |     2 |       ||     2
         Scroll            |       |     3 ||     3
 Armour: Scale mail        |    29 |    23 ||    52
  Dodge: Dodged            |    40 |    19 ||    59
  Block: Buckler           |    26 |    20 ||    46
         Reflection        |       |     1 ||     1
